 Dungeon Crawl Stone Soup version 0.27-a0-797-g27d10ad80f (webtiles) character file.

Game seed: 12742784331418140973

2832 polve the Carver (level 9, -6/66 HPs)
             Began as a Demonspawn Abyssal Knight on Mar 27, 2021.
             Was an Elder of Lugonu.
             Killed from afar by Erica (19 damage)
             ... with a bolt of poison
             ... on level 8 of the Dungeon.
             The game lasted 00:11:48 (13110 turns).

polve the Carver (Demonspawn Abyssal Knight)       Turns: 13110, Time: 00:11:48

Health: -6/66      AC: 18    Str: 14    XL:     9   Next: 45%
Magic:  10/10      EV: 10    Int: 16    God:    Lugonu [****..]
Gold:   384        SH:  5    Dex: 12    Spells: 8/8 levels left

rFire    . . .     SeeInvis .   g - +0 scimitar
rCold    . . .     Faith    .   i - +0 buckler
rNeg     . . .     Spirit   .   e - +0 plate armour
rPois    .         Reflect  .   (helmet restricted)
rElec    .         Harm     .   (no cloak)
rCorr    .         Rampage  .   b - +1 pair of gloves
Will     .....                  d - +0 pair of boots {Fly}
Stlth    ..........             (no amulet)
HPRegen  0.21/turn              (no ring)
MPRegen  0.12/turn              (no ring)

@: agile, lethally poisoned (-6 -> -27), flying, slowed, very slow
A: antennae 1, iridescent scales 1, demonic guardian 1, powered by pain 2
a: Stop Flying, Renounce Religion, Depart the Abyss, Bend Space, Banish, Corrupt


You were on level 8 of the Dungeon.
You worshipped Lugonu.
Lugonu was greatly pleased with you.
You visited 1 branch of the dungeon, and saw 8 of its levels.
You visited the Abyss 1 time.
You also visited: Ossuary.

You collected 384 gold pieces.

Inventory:

Hand Weapons
 g - a +0 scimitar (weapon)
Armour
 b - a +1 pair of gloves (worn)
 d - a +0 pair of boots of flying (worn)
 e - a +0 plate armour (worn)
 i - a +0 buckler (worn)
Wands
 l - a wand of iceblast (6)
 r - a wand of flame (17)
Scrolls
 c - a scroll of magic mapping
 h - a scroll of amnesia
 k - 3 scrolls of teleportation
 o - 2 scrolls of enchant weapon
 p - 2 scrolls of enchant armour
 q - 2 scrolls of identify
 s - 3 scrolls of brand weapon {unknown}
Potions
 a - a potion of flight
 n - a potion of haste


   Skills:
 + Level 4.6 Fighting
 - Level 8.9 Long Blades
 - Level 5.6 Armour
 + Level 3.2 Dodging
 - Level 4.0 Shields
 - Level 2.4 Invocations


You had 8 spell levels left.
You didn't know any spells.
Your spell library was empty.

Dungeon Overview and Level Annotations

Branches:
Dungeon (8/15)             Temple (0/1) D:7         Ossuary (visited)
   Lair: D:8-11

Altars:
Fedhas
Kikubaaqudgha
Vehumet

Annotations:
D:8 Erica, Maggie


Innate Abilities, Weirdness & Mutations

You have a pair of small antennae on your head.
You are partially covered in iridescent scales. (AC +2)
A weak demonic guardian rushes to your aid.
You sometimes gain power by taking damage.


Message History

You closely miss something. Something hits you! Something burns you.
Something hits you but does no damage.
You slash something!
You hear some strange, mumbled words.
A bolt of poison appears from out of thin air!
The bolt of poison hits you.
You are poisoned.
You closely miss something.
You feel extremely sick.
You hear some strange, mumbled words.
A bolt of poison appears from out of thin air!
The bolt of poison hits you!
You are more poisoned.
Something hits you but does no damage.
You miss something.
* * * LOW HITPOINT WARNING * * *
You focus on the pain.
You feel agile all of a sudden.
You feel extremely sick. Something hits you.
* * * LOW HITPOINT WARNING * * *
A demonic guardian appears!
Something burns you.
* * * LOW HITPOINT WARNING * * *
* * * LOW HITPOINT WARNING * * *
You feel sick. Something hits you but does no damage.
You feel better.
Your shadow imp closely misses something.
You hear some strange, mumbled words.
A lance of force appears from out of thin air!
You block the lance of force.
Your shadow imp hits something.
Something hits you.
* * * LOW HITPOINT WARNING * * *
A demonic guardian appears!
Something burns you.
* * * LOW HITPOINT WARNING * * *
You feel better.
Your shadow imp hits something.
You hear some strange, mumbled words.
A bolt of poison appears from out of thin air!
The bolt of poison hits you!!
You are lethally poisoned!
You die...

### ####. ..# #....# #.# . ###
#.##.###.# ..
+..##5#...##.#######..
###+##...@.._.............
#...##.#{##...#.##........ ...
#...#..#5###.##.###....... .@.
#...#..#.###....# #.....## ....
#...#..#.....#### #.....# #....
#..# #.#####.######.....#
#....###..###..##...#..........#
..............(.....#..........#
..............{.....+..........##


You could see a friendly quasit (summoned) and a friendly shadow imp (summoned).

Vanquished Creatures
  Pikel (D:6)
  Sigmund (D:6)
  An orc warrior (D:7)
  A black bear (D:7)
  4 ice beasts
  An ogre (D:6)
  2 lemures (D:6)
  A gnoll sergeant (D:7)
  A wyvern zombie (D:8)
  3 water moccasin zombies
  2 scorpions
  3 wights
  A centaur zombie (D:5)
  6 hounds
  A bullfrog zombie (D:5)
  2 orc priests
  A bullfrog skeleton (D:2)
  A jelly (D:7)
  5 iguanas
  3 orc wizards
  A mummy (Ossuary)
  Robin (D:4)
  12 gnolls
  10 adders
  2 river rats (D:3)
  A shadow imp (D:6)
  4 worms
  A dart slug (D:1)
  14 orcs
  2 spectral bats (Ossuary)
  7 bats
  8 endoplasms
  3 giant cockroaches
  11 gnoll zombies (Ossuary)
  13 goblins
  6 hobgoblins
  9 kobolds
  4 quokkas
  7 ball pythons
  7 bat simulacra (Ossuary)
  5 frilled lizards
  A goblin simulacrum (Ossuary)
  4 goblin zombies (Ossuary)
  3 hobgoblin zombies (Ossuary)
  A kobold simulacrum (Ossuary)
  5 kobold zombies (Ossuary)
  5 orc zombies (Ossuary)
  5 rats
  3 rat simulacra (Ossuary)
  3 spectral goblins (Ossuary)
  4 spectral kobolds (Ossuary)
  4 spectral rats (Ossuary)
207 creatures vanquished.

Vanquished Creatures (collateral kills)
  A sky beast (D:5)
  A water moccasin zombie (D:5)
  A bullfrog skeleton (D:5)
  A gnoll zombie (Ossuary)
  A goblin zombie (Ossuary)
5 creatures vanquished.

Vanquished Creatures (others)
  16 plants (D:3)
16 creatures vanquished.

Grand Total: 228 creatures vanquished

Notes
Turn   | Place    | Note
-------+----------+-------------------------------------------
     0 | Abyss:1  | polve the Demonspawn Abyssal Knight began the quest for the
                  | Orb.
     0 | Abyss:1  | Reached XP level 1. HP: 18/18 MP: 2/2
    51 | Abyss:1  | Noticed a smoke demon
    52 | D:1      | Escaped the Abyss
    88 | D:1      | Reached skill level 2 in Long Blades
   230 | D:1      | Gained mutation: You sometimes gain a little power by
                  | taking damage. [demonic ancestry]
   230 | D:1      | Reached XP level 2. HP: 23/24 MP: 3/3
   304 | D:1      | Reached * piety under Lugonu
   352 | D:1      | Reached skill level 3 in Long Blades
   781 | D:1      | Reached XP level 3. HP: 29/29 MP: 4/4
  1580 | D:2      | Reached skill level 4 in Long Blades
  1580 | D:2      | Reached XP level 4. HP: 20/35 MP: 5/5
  2425 | D:2      | Gained mutation: You have a pair of small antennae on your
                  | head. [demonic ancestry]
  2425 | D:2      | Reached XP level 5. HP: 17/41 MP: 6/6
  2654 | D:2      | Reached ** piety under Lugonu
  2749 | D:2      | Reached skill level 5 in Long Blades
  3735 | D:3      | Gained mutation: A weak demonic guardian rushes to your
                  | aid. [demonic ancestry]
  3735 | D:3      | Reached XP level 6. HP: 35/47 MP: 7/7
  4790 | D:3      | Reached skill level 6 in Long Blades
  5086 | D:4      | Noticed Robin
  5104 | D:4      | Found a blossoming altar of Fedhas.
  5131 | D:4      | Killed Robin
  6167 | D:5      | Entered Level 5 of the Dungeon
  6167 | D:5      | Found a sand-covered staircase.
  6195 | Ossuary  | Entered an ossuary
  6614 | Ossuary  | Reached *** piety under Lugonu
  7025 | Ossuary  | Reached **** piety under Lugonu
  7119 | D:5      | Reached skill level 7 in Long Blades
  7271 | D:5      | Gained mutation: You are partially covered in iridescent
                  | scales. (AC +2) [demonic ancestry]
  7271 | D:5      | Reached XP level 7. HP: 45/52 MP: 8/8
  8089 | D:5      | Found a radiant altar of Vehumet.
  8904 | D:6      | Reached XP level 8. HP: 26/58 MP: 9/9
  8913 | D:6      | Reached skill level 8 in Long Blades
  9181 | D:6      | Noticed Pikel
  9223 | D:6      | Killed Pikel
  9224 | D:6      | Reached skill level 5 in Armour
  9505 | D:6      | Reached skill level 1 in Shields
  9539 | D:6      | Noticed Sigmund
  9551 | D:6      | Killed Sigmund
  9684 | D:6      | Gained mutation: You sometimes gain power by taking damage.
                  | [demonic ancestry]
  9684 | D:6      | Reached XP level 9. HP: 63/63 MP: 10/10
 10658 | D:7      | Reached skill level 1 in Dodging
 11988 | D:7      | Found a staircase to the Ecumenical Temple.
 12728 | D:8      | Noticed Maggie
 12762 | D:8      | HP: 1/66 [Maggie/bolt of fire (21)]
 13059 | D:8      | Found an ancient bone altar of Kikubaaqudgha.
 13084 | D:8      | Noticed Erica
 13106 | D:8      | HP: 3/66 [something (2)]
 13110 | D:8      | Killed from afar by Erica

Illustrated notes

Levels and vault maps discovered:
D:1:      lightli_iron_boxes, layout_loops_ring
D:2:      layout_loops_corners, corexii_shack
D:3:      layout_loops_ring, gup_sewer_entry_spiral, serial_bayou_lake_a
D:4:      layout_basic, fedhas_altar_1, uniq_robin
D:5:      layout_cave_pools, nicolae_ossuary_entry_monument,
          vehumet_altar_wand_db
D:6:      layout_basic, uniq_sigmund, uniq_pikel
D:7:      layout_gridville, minmay_temple_entry_from_below_b
D:8:      layout_gridville, nicolae_overflow_crystal_walls, uniq_maggie,
          uniq_erica

Skill      XL: |  1  2  3  4  5  6  7  8  9 |
---------------+----------------------------+-----
Long Blades    | 2 3 4 5 7 8 |  8.9
Armour         | 4 5 |  5.6
Shields        | 3 4 |  4.0
Dodging        | 3 |  3.2
Fighting       | 4 |  4.6
Invocations    | |  2.4

Action                   |  1- 3 |  4- 6 |  7- 9 || total
-------------------------+-------+-------+-------++-------
Melee: Falchion          |   103 |   318 |       ||   421
       Long sword        |       |   249 |   404 ||   653
       Scimitar          |       |       |   142 ||   142
Invok: Depart the Abyss  |     1 |       |       ||     1
       Bend Space        |       |       |     1 ||     1
  Use: Scroll            |       |     8 |     5 ||    13
       Potion            |       |       |    17 ||    17
 Stab: Distracted        |       |       |     3 ||     3
Armor: Leather armour    |    14 |       |       ||    14
       Plate armour      |    58 |   468 |   386 ||   912
Dodge: Dodged            |    25 |   110 |    85 ||   220
Block: Buckler           |       |       |    61 ||    61
       Rpst.: Falchion   |     9 |    13 |       ||    22
       Long sword        |       |    20 |    13 ||    33
       Scimitar          |       |       |     9 ||     9

Table legend: (Time is in decaauts)
 A = Elapsed time spent in this place.
 B = Non-inter-level travel time spent in this place.
 C = Inter-level travel time spent in this place.
 D = Time resting spent in this place.
 E = Time spent auto-exploring this place.
 F = Levels seen in this place.
 G = Mean time per level.
                   A        B        C        D        E       F      G
               +--------+--------+--------+--------+--------+-----+--------+
         Total |  13200 |  12846 |    354 |      2 |  10815 |  10 | 1320.0 |
       Dungeon |  12227 |  11873 |    354 |      2 |  10124 |   8 | 1528.4 |
         Abyss |     52 |     52 |      0 |      0 |     51 |   1 |   52.0 |
       Ossuary |    920 |    920 |      0 |      0 |    640 |   1 |  920.0 |
               +--------+--------+--------+--------+--------+-----+--------+

Top non-repeatable levels by time:
     D:2: 2290 daAuts
     D:7: 1956 daAuts
     D:3: 1869 daAuts
     D:5: 1666 daAuts
     D:6: 1611 daAuts
     D:4: 1403 daAuts
 Ossuary: 920 daAuts
     D:1: 913 daAuts
     D:8: 515 daAuts
 Abyss:1: 52 daAuts
